 Dungeon Sprint DCSS version 0.19-a0-1608-g4cf22de (webtiles) character file.

289995 poirepourri the Ninja (level 13, 67/67 HPs)
             Began as a Spriggan Enchanter on Sept 17, 2016.
             Was the Champion of Dithmenos.
             Escaped with the Orb!
             The game lasted 00:12:57 (3389 turns).

poirepourri the Ninja (Spriggan Enchanter)          Turns: 3389, Time: 00:12:58

Health: 67/67      AC: 15    Str:  5    XL:     13   Next: 50%
Magic:  32/32      EV: 34    Int: 23    God:    Dithmenos [******]
Gold:   81         SH:  9    Dex: 24    Spells: 7 memorised, 25 levels left

rFire  + . .     SeeInvis +     v - +5 quick blade
rCold  . . .     Gourm    .     x - +3 faerie dragon armour {HP-1 Str-3 Int+5}
rNeg   . . .     Faith    .     w - +2 buckler {AC+3}
rPois  +         Spirit   .     (helmet restricted)
rElec  .         Dismiss  .     p - +2 cloak {rPois}
rCorr  .         Reflect  .     (gloves unavailable)
MR     ++...     Harm     .     (boots unavailable)
Stlth  ++++++++.. NoTele   +    a - amulet "Enusutoh" {rPois Regen+ Str+4 Dex+4}
                                (no ring)
                                u - ring of protection from fire

@: wreathed by umbra, very quick
A: unfitting armour, see invisible, herbivore 3, speed 3, slow metabolism 2
a: Shadow Step, Shadow Form, Renounce Religion
0: Orb of Zot


You escaped.
You worshipped Dithmenos.
Dithmenos was exalted by your worship.
You were very full.

You visited 1 branch You collected 436 gold pieces.
You spent 355 gold pieces at shops.

Inventory:

Hand Weapons
 v - a +5 quick blade (weapon)
Armour
 b - a +1 robe
 p - a +2 cloak of poison resistance (worn)
 t - a +0 buckler
 w - a +2 buckler of protection (worn)
 x - the +3 faerie dragon armour (worn) {HP-1 Str-3 Int+5}
   (You took it off the Enchantress in the Dungeon)

   It affects your strength (-3).
   It affects your intelligence (+5).
   It affects your health (-1).
Jewellery
 a - the amulet "Enusutoh" (around neck) {rPois Regen+ Str+4 Dex+4}
   (You found it in the Dungeon)

   [amulet of regeneration]

   It affects your strength (+4).
   It affects your dexterity (+4).
   It protects you from poison.
   It increases your rate of regeneration.
 k - the amulet of invisibility {+Inv}
   (You found it in the Dungeon)

   [amulet of nothing]

   It lets you turn invisible.
 u - a ring of protection from fire (left hand)
Scrolls
 j - a scroll of blinking
Potions
 e - 2 potions of curing
 f - 2 potions of heal wounds
 g - a potion of haste
 h - 2 potions of magic
 i - a potion of berserk rage
Books
 c - a book of Maledictions

   Spells                             Type                      Level
   a - Corona                         Hexes                        1
   b - Ensorcelled Hibernation        Hexes/Ice                    2
   c - Confuse                        Hexes                        3
   d - Tukima's Dance                 Hexes                        3
   e - Dazzling Spray                 Conjuration/Hexes            3
 m - a book of Conjurations

   Spells                             Type                      Level
   a - Magic Dart                     Conjuration                  1
   b - Searing Ray                    Conjuration                  2
   c - Dazzling Spray                 Conjuration/Hexes            3
   d - Fulminant Prism                Conjuration/Hexes            4
   e - Iskenderun's Mystic Blast      Conjuration                  4
   f - Iskenderun's Battlesphere      Conjuration/Charms           5
 n - a book of the Warp

   Spells                             Type                      Level
   a - Gell's Gravitas                Hexes/Translocation          3
   b - Force Lance                    Conjuration/Translocation    4
   c - Summon Forest                  Summoning/Translocation      5
   d - Dispersal                      Translocation                6
   e - Controlled Blink               Translocation                8
   f - Disjunction                    Translocation                8
Miscellaneous
 q - a crystal ball of energy
 s - a disc of storms
Comestibles
 d - a bread ration
 o - 7 royal jellies


   Skills:
 - Level 8.1 Fighting
 + Level 12.4 Short Blades
 - Level 1.2 Armour
 + Level 21.2 Dodging
 O Level 27 Stealth
 + Level 0.9 Shields
 + Level 14.0 Spellcasting
 + Level 5.3 Conjurations
 + Level 14.7 Hexes
 - Level 2.0 Ice Magic
 - Level 11.0 Invocations
 - Level 8.6 Evocations


You had 25 spell levels left.
You knew the following spells:

 Your Spells              Type           Power        Failure   Level  Hunger
a - Corona                Hex            ######.      1%          1    None
b - Ensorcelled Hibernat  Hex/Ice        ######       1%          2    None
c - Confuse               Hex            ######..     1%          3    None
d - Tukima's Dance        Hex            ######..     1%          3    None
e - Dazzling Spray        Conj/Hex       ######       1%          3    None
f - Magic Dart            Conj           ####         1%          1    None
g - Searing Ray           Conj           #####.       2%          2    None


Dungeon Overview and Level Annotations

Branches:
Dungeon (1/1)

Altars:
Cheibriados
Dithmenos
Elyvilon
Gozag
Hepliaklqana
Kikubaaqudgha
Makhleb
Nemelex Xobeh
Okawaru
Qazlal
Ru
Sif Muna
Trog
Uskayaw
Vehumet
Xom
Yredelemnul
Zin
The Shining One
Beogh
Jiyva
Lugonu

Shops:
D %[=:*%(!=::%?([(((%

Annotations:
D exclusion: oklob plant


Innate Abilities, Weirdness & Mutations

You are tiny and cannot use many weapons and most armour.
You have supernaturally acute eyesight. (SInv)
You are a herbivore.
You cover ground extremely quickly.
You need consume almost no food.


Message History

Confirm with . or Enter, or press ? or * to list all spells.
Aiming: Ensorcelled Hibernation
Press: ? - help, Shift-Dir - straight line, f - red devil
Aim: a red devil, wielding a trident (umbra, chance to defeat MR: 37%)
The red devil easily resists.
Your shadow mimicks your spell!
The red devil resists with almost no effort.
The rust devil screeches!
The red devil hops backward while attacking.
The red devil completely misses you. The Ice Fiend completely misses you.
You block the Ice Fiend's attack. The rust devil misses you.
You block the red devil's attack.
There is an open door here.
The red devil misses you.
A soul eater comes into view.
There is an open door here.
There is an open door here.
There is an open door here.
There is a staircase leading out of the dungeon here.
You have escaped!

##################
#@...#.....#.3...#
#PP..'.....'.#.(.'
#PPPP#.....#.#...#
###############'##
#...♣......&1'.4.#
#......♣.....#4..#
#.....♣..♣..######
##'####'######..'.
#..#....'b&bb...#♣


There were no monsters in sight!

Vanquished Creatures
  the Enchantress (D)
  An Orb Guardian (D)
  Agnes (D)
  2 ghost moths (D)
  6 spriggan defenders (D)
  5 spriggan berserkers (D)
  4 spriggan druids (D)
  3 moths of wrath (D)
  22 oklob plants (D)
  3 demonic crawlers (D)
  3 wandering mushrooms (D)
  3 burning bushes (D)
  2 queen bees (D)
  A red devil (D)
  9 wasps (D)
  2 scorpions (D)
  4 killer bees (D)
  5 oklob saplings (D)
  2 worker ants (D)
  8 spriggans (D)
  A river rat (D)
  A rat (D)
  A ballistomycete (D)
  2 ballistomycete spores (D)
92 creatures vanquished.

Vanquished Creatures (others)
  A fungus (D)
1 creature vanquished.

Grand Total: 93 creatures vanquished

Notes
Turn   | Place    | Note
-------+----------+-------------------------------------------
     0 | D        | poirepourri the Spriggan Enchanter began the quest for the Orb.
     0 | D        | Reached XP level 1. HP: 9/9 MP: 5/5
     8 | D        | Reached skill level 6 in Stealth
     8 | D        | Reached XP level 2. HP: 13/13 MP: 6/6
    10 | D        | Reached skill level 7 in Stealth
    18 | D        | Learned a level 2 spell: Ensorcelled Hibernation
    21 | D        | Noticed an oklob sapling
    23 | D        | Killed an oklob sapling
    23 | D        | Reached skill level 5 in Dodging
    23 | D        | Reached skill level 9 in Stealth
    23 | D        | Reached XP level 3. HP: 16/16 MP: 8/8
    31 | D        | Reached skill level 10 in Stealth
    36 | D        | Learned a level 3 spell: Confuse
    88 | D        | Noticed an oklob sapling
    91 | D        | Killed an oklob sapling
    91 | D        | Reached XP level 4. HP: 21/21 MP: 8/10
   215 | D        | Found an opulent altar of Gozag.
   215 | D        | Found a hazy altar of Hepliaklqana.
   215 | D        | Found a burning altar of Makhleb.
   215 | D        | Found a roughly hewn altar of Beogh.
   215 | D        | Found a sparkling altar of Nemelex Xobeh.
   215 | D        | Found a snail-covered altar of Cheibriados.
   215 | D        | Found a sacrificial altar of Ru.
   215 | D        | Found a deep blue altar of Sif Muna.
   215 | D        | Found a shimmering altar of Xom.
   215 | D        | Found a basalt altar of Yredelemnul.
   216 | D        | Found a viscous altar of Jiyva.
   216 | D        | Found a bloodstained altar of Trog.
   217 | D        | Found an iron altar of Okawaru.
   217 | D        | Found a glowing silver altar of Zin.
   217 | D        | Found a shadowy altar of Dithmenos.
   218 | D        | Found a hide-covered altar of Uskayaw.
   218 | D        | Found an ancient bone altar of Kikubaaqudgha.
   219 | D        | Found a stormy altar of Qazlal.
   219 | D        | Found a glowing golden altar of the Shining One.
   219 | D        | Found a white marble altar of Elyvilon.
   220 | D        | Found a radiant altar of Vehumet.
   220 | D        | Found a corrupted altar of Lugonu.
   223 | D        | Reached skill level 11 in Stealth
   223 | D        | Reached skill level 5 in Hexes
   230 | D        | Became a worshipper of Dithmenos the Shadowed
   239 | D        | Learned a level 3 spell: Tukima's Dance
   246 | D        | Reached skill level 12 in Stealth
   246 | D        | Reached XP level 5. HP: 24/24 MP: 12/12
   255 | D        | Learned a level 3 spell: Dazzling Spray
   260 | D        | Reached skill level 1 in Ice Magic
   261 | D        | Reached * piety under Dithmenos
   261 | D        | Reached skill level 13 in Stealth
   276 | D        | Found Abrur's Antique Armour Shop.
   276 | D        | Found Jokhaff's Weapon Emporium.
   283 | D        | Noticed a burning bush
   283 | D        | Noticed a wandering mushroom
   284 | D        | Noticed a wandering mushroom
   328 | D        | Reached skill level 5 in Spellcasting
   328 | D        | Reached XP level 6. HP: 28/28 MP: 5/14
   580 | D        | Killed a wandering mushroom
   580 | D        | Reached ** piety under Dithmenos
   580 | D        | Reached skill level 5 in Short Blades
   580 | D        | Reached skill level 15 in Stealth
   580 | D        | Reached XP level 7. HP: 23/32 MP: 3/17
   783 | D        | Killed a wandering mushroom
   783 | D        | Reached skill level 16 in Stealth
   791 | D        | Killed a burning bush
   791 | D        | Reached *** piety under Dithmenos
   791 | D        | Reached skill level 10 in Hexes
   797 | D        | Found Fewk's Food Emporium.
   797 | D        | Found Maqah Lirr's Weapon Shoppe.
   844 | D        | Noticed a queen bee
  1118 | D        | Killed a queen bee
  1118 | D        | Reached skill level 1 in Fighting
  1118 | D        | Reached XP level 8. HP: 37/37 MP: 17/22
  1122 | D        | Reached skill level 17 in Stealth
  1152 | D        | Learned a level 1 spell: Magic Dart
  1155 | D        | Learned a level 2 spell: Searing Ray
  1156 | D        | Noticed an oklob plant
  1159 | D        | Killed an oklob plant
  1159 | D        | Reached **** piety under Dithmenos
  1159 | D        | Reached skill level 10 in Spellcasting
  1174 | D        | Noticed a burning bush
  1177 | D        | Killed a burning bush
  1177 | D        | Reached skill level 18 in Stealth
  1298 | D        | Noticed a burning bush
  1298 | D        | Noticed an oklob plant
  1299 | D        | Noticed a wandering mushroom
  1300 | D        | Killed a burning bush
  1300 | D        | Reached ***** piety under Dithmenos
  1300 | D        | Reached XP level 9. HP: 41/41 MP: 24/24
  1304 | D        | Killed an oklob plant
  1304 | D        | Reached skill level 19 in Stealth
  1311 | D        | Killed a wandering mushroom
  1465 | D        | Noticed a spriggan druid
  1466 | D        | Killed a spriggan druid
  1466 | D        | Reached skill level 20 in Stealth
  1466 | D        | Reached skill level 1 in Invocations
  1483 | D        | Noticed an oklob plant conjurer
  1485 | D        | Killed an oklob plant conjurer
  1722 | D        | Noticed Agnes
  1723 | D        | Found Qucs's Antique Weapon Emporium.
  1723 | D        | Found Petu's Weapon Shoppe.
  1724 | D        | Killed Agnes
  1724 | D        | Reached skill level 10 in Dodging
  1724 | D        | Reached skill level 22 in Stealth
  1724 | D        | Reached XP level 10. HP: 47/47 MP: 21/27
  1728 | D        | Noticed a spriggan berserker
  1730 | D        | Killed a spriggan berserker
  1736 | D        | Noticed a spriggan defender
  1739 | D        | Killed a spriggan defender
  1739 | D        | Reached skill level 23 in Stealth
  1780 | D        | Noticed a spriggan rider
  1783 | D        | Killed a spriggan rider
  1785 | D        | Reached skill level 24 in Stealth
  1840 | D        | Noticed a ghost moth
  1841 | D        | Found Plog's Antique Armour Boutique.
  1841 | D        | Found Beus's Jewellery Emporium.
  1841 | D        | Found Axasol's Food Shoppe.
  1856 | D        | Killed a ghost moth
  1856 | D        | Reached XP level 11. HP: 51/51 MP: 23/28
  1906 | D        | Noticed an oklob plant meteorologist
  1908 | D        | Killed an oklob plant meteorologist
  1908 | D        | Reached skill level 25 in Stealth
  1909 | D        | Noticed an oklob plant shifter
  1912 | D        | Killed an oklob plant shifter
  2058 | D        | Noticed a spriggan rider
  2060 | D        | Killed a spriggan rider
  2206 | D        | Found Jastrerish's Assorted Antiques.
  2206 | D        | Found Reock's Food Boutique.
  2206 | D        | Found Bostyd's Book Shop.
  2206 | D        | Found Goytosed's Distillery.
  2206 | D        | Found Othal's Antique Weapon Shoppe.
  2207 | D        | Found Keagal's Book Emporium.
  2207 | D        | Found Gaceq's Book Shop.
  2207 | D        | Found Oboirph's Jewellery Boutique.
  2228 | D        | Bought a potion of heal wounds for 55 gold pieces
  2235 | D        | Bought an uncursed ring of protection from fire for 300 gold pieces
  2238 | D        | Noticed an oklob plant
  2238 | D        | Noticed an oklob plant
  2238 | D        | Noticed an oklob plant
  2238 | D        | Noticed an oklob plant
  2238 | D        | Noticed an oklob plant
  2238 | D        | Noticed an oklob plant
  2239 | D        | Noticed an oklob plant
  2240 | D        | Killed an oklob plant
  2241 | D        | Noticed an oklob plant
  2242 | D        | Killed an oklob plant
  2242 | D        | Reached skill level 26 in Stealth
  2243 | D        | Noticed an oklob plant
  2244 | D        | Killed an oklob plant
  2244 | D        | Reached skill level 1 in Evocations
  2245 | D        | Noticed an oklob plant
  2246 | D        | Killed an oklob plant
  2246 | D        | Reached ****** piety under Dithmenos
  2247 | D        | Noticed an oklob plant
  2248 | D        | Killed an oklob plant
  2249 | D        | Noticed an oklob plant
  2250 | D        | Killed an oklob plant
  2252 | D        | Killed an oklob plant
  2254 | D        | Killed an oklob plant
  2254 | D        | Reached skill level 27 in Stealth
  2256 | D        | Killed an oklob plant
  2256 | D        | Reached skill level 15 in Dodging
  2258 | D        | Killed an oklob plant
  2258 | D        | Reached skill level 5 in Invocations
  2260 | D        | Killed an oklob plant
  2262 | D        | Killed an oklob plant
  2262 | D        | Reached XP level 12. HP: 58/58 MP: 25/30
  2305 | D        | Noticed a spriggan defender
  2305 | D        | Noticed a spriggan defender
  2307 | D        | Killed a spriggan defender
  2308 | D        | Killed a spriggan defender
  2310 | D        | Reached skill level 5 in Fighting
  2310 | D        | Reached skill level 10 in Short Blades
  2327 | D        | Reached skill level 5 in Evocations
  2330 | D        | Noticed a spriggan defender
  2333 | D        | Killed a spriggan defender
  2351 | D        | Noticed the Enchantress
  2353 | D        | Killed the Enchantress
  2355 | D        | Got a faerie dragon armour
  2445 | D        | Identified the +3 faerie dragon armour {HP-1 Str-3 Int+5} (You took it off the Enchantress in the Dungeon)
  2544 | D        | Found Fulology's Food Emporium.
  2544 | D        | Found Dalinwe's Magic Scroll Shop.
  2558 | D        | Reached XP level 13. HP: 66/67 MP: 23/31
  2566 | D        | Got a wavering graven amulet
  2568 | D        | Identified the amulet "Enusutoh" {rPois Regen+ Str+4 Dex+4} (You found it in the Dungeon)
  2901 | D        | Reached skill level 10 in Invocations
  2934 | D        | Noticed a ghost moth
  2938 | D        | Killed a ghost moth
  2938 | D        | Reached skill level 1 in Armour
  2949 | D        | Noticed a spriggan defender
  2949 | D        | Noticed a spriggan defender
  2950 | D        | Reached skill level 1 in Conjurations
  2952 | D        | Killed a spriggan defender
  2953 | D        | Killed a spriggan defender
  3037 | D        | Got the Orb of Zot
  3144 | D        | Reached skill level 5 in Conjurations
  3198 | D        | Noticed an Orb Guardian
  3214 | D        | Killed an Orb Guardian
  3351 | D        | Noticed Zanuz the pandemonium lord
  3361 | D        | Noticed an Ice Fiend
  3389 | D        | Escaped with the Orb!

Vault maps used:
D:        dungeon_sprint_fedhas

Skill      XL: |  1  2  3  4  5  6  7  8  9 10 11 12 13 |
---------------+----------------------------------------+-----
Dodging        | 4 5 6 7 10 12 16 21 | 21.2
Stealth        | 6 9 10 12 13 15 16 18 22 24 27 | 27.0
Short Blades   | 3 4 5 6 7 8 9 11 12 | 12.4
Spellcasting   | 3 4 5 6 9 10 12 13 14 | 14.0
Hexes          | 4 6 7 8 10 11 13 14 | 14.7
Ice Magic      | 1 2 |  2.0
Fighting       | 1 2 4 7 8 |  8.1
Invocations    | 1 2 5 9 11 | 11.0
Evocations     | 3 6 8 |  8.6
Armour         | 1 |  1.2
Conjurations   | 5 |  5.3
Shields        | |  0.9

Action                   |  1- 3 |  4- 6 |  7- 9 | 10-12 | 13-15 || total
-------------------------+-------+-------+-------+-------+-------++-------
Melee: Dagger            |     6 |    17 |    32 |     2 |       ||    57
       Quick blade       |       |       |       |    39 |    29 ||    68
 Cast: Ensorcelled Hiber |     1 |     1 |       |       |     5 ||     7
       Confuse           |       |     6 |     8 |       |     1 ||    15
       Dazzling Spray    |       |       |     1 |     1 |     6 ||     8
Invok: Shadow Step       |       |       |     3 |    16 |     6 ||    25
 Abil: Evoke Invisibilit |       |       |       |     1 |     1 ||     2
  Use: Scroll            |       |     1 |     1 |       |       ||     2
 Stab: Sleeping          |     5 |     6 |    12 |    40 |    13 ||    76
       Confused          |       |     2 |     6 |       |       ||     8
       Invisible         |       |       |       |       |     5 ||     5
  Eat: Royal jelly       |       |       |       |     2 |       ||     2
       Bread ration      |       |       |       |     1 |       ||     1
Armor: Mottled dragon ar |       |       |       |       |     1 ||     1
Dodge: Dodged            |     4 |     7 |     8 |       |    14 ||    33
Block: Buckler           |       |       |       |       |     5 ||     5
